| TOP OF THE 1ST |
|
Frisco RoughRiders batting - Pitching for Bowie Baysox : LHP Silas Chinn
|
|
Pitching: LHP Silas Chinn
|
|
|
Batting: RHB Chris Torlak
|
0-0: Ball 1-0: Foul Ball, location: 2F 1-1: Ground out 2-3 (Groundball, 13S, EV 69.4 MPH)
|
|
Batting: RHB Brandon Davis
|
0-0: TRIPLE (Flyball, 89XD, EV 102.5 MPH)
|
|
Batting: RHB Andrew Clarke
|
0-0: Fly out, F7 (Flyball, 7LSF, EV 89.4 MPH)
|
|
Batting: RHB Kurt Wagner
|
0-0: Ball 1-0: Ball 2-0: DOUBLE (Line Drive, 78D, EV 110.6 MPH) Brandon Davis scores
|
|
Batting: SHB Isaiah Cherry
|
0-0: Ball 1-0: Ball 2-0: Called Strike 2-1: Foul Ball, location: 2F 2-2: Ball 3-2: Fly out, F9 (Flyball, 9, EV 88.8 MPH)
|
| Top of the 1st over - 1 run, 2 hits, 0 errors, 1 left on base; Frisco 1 - Bowie 0 |
| BOTTOM OF THE 1ST |
|
Bowie Baysox batting - Pitching for Frisco RoughRiders : RHP Tim Martin
|
|
Pitching: RHP Tim Martin
|
|
|
Batting: RHB Ryan Taylor
|
0-0: Ground out 3-1 (Groundball, 34S, EV 83.8 MPH)
|
|
Batting: LHB Pat Shaddock
|
0-0: Swinging Strike 0-1: Called Strike 0-2: Ground out U3 (Groundball, 3L, EV 85.0 MPH)
|
|
Batting: RHB Andy Chess
|
0-0: Ball 1-0: Ground out 4-3 (Groundball, 4, EV 83.1 MPH)
|
| Bottom of the 1st over - 0 runs, 0 hits, 0 errors, 0 left on base; Frisco 1 - Bowie 0 |
| TOP OF THE 2ND |
|
Frisco RoughRiders batting - Pitching for Bowie Baysox : LHP Silas Chinn
|
|
Batting: RHB Adryão Anto
|
0-0: Swinging Strike 0-1: Called Strike 0-2: Ball 1-2: Strikes out looking
|
|
Batting: RHB Aaron Graham
|
0-0: Ball 1-0: Ball 2-0: Swinging Strike 2-1: Foul Ball, location: 2F 2-2: Ball 3-2: Strikes out swinging
|
|
Batting: RHB Rick Concha
|
0-0: Ball 1-0: Foul Ball, location: 2F 1-1: Foul Ball, location: 2F 1-2: Fly out, F7 (Flyball, 7S, EV 83.8 MPH)
|
| Top of the 2nd over - 0 runs, 0 hits, 0 errors, 0 left on base; Frisco 1 - Bowie 0 |
| BOTTOM OF THE 2ND |
|
Bowie Baysox batting - Pitching for Frisco RoughRiders : RHP Tim Martin
|
|
Batting: LHB Matt Patnaude
|
0-0: Fly out, F8 (Flyball, 8LD, EV 95.6 MPH)
|
|
Batting: RHB Willie Manrique
|
0-0: Called Strike 0-1: Ball 1-1: Swinging Strike 1-2: Foul Ball, location: 2F 1-2: Foul Ball, location: 2F 1-2: Ground out 6-3 (Groundball, 6, EV 85.6 MPH)
|
|
Batting: RHB Angel Lescano
|
0-0: Called Strike 0-1: Ball 1-1: Ball 2-1: Foul Ball, location: 2F 2-2: Foul Ball, location: 2F 2-2: Strikes out swinging
|
| Bottom of the 2nd over - 0 runs, 0 hits, 0 errors, 0 left on base; Frisco 1 - Bowie 0 |
| TOP OF THE 3RD |
|
Frisco RoughRiders batting - Pitching for Bowie Baysox : LHP Silas Chinn
|
|
Batting: RHB Gavin Fimple
|
0-0: Called Strike 0-1: Ball 1-1: Foul Ball, location: 2F 1-2: Ground out 1-3 (Groundball, 34S, EV 72.5 MPH)
|
|
Batting: RHB Chris Torlak
|
0-0: Called Strike 0-1: Ball 1-1: Ball 2-1: Foul Ball, location: 2F 2-2: Ball 3-2: Base on Balls
|
|
Batting: RHB Brandon Davis
|
0-0: Ball Chris Torlak steals 2nd base (no throw) 1-0: Ball 2-0: Foul Ball, location: 2F 2-1: Foul Ball, location: 2F 2-2: Ball 3-2: Foul Ball, location: 2F 3-2: Strikes out swinging
|
|
Batting: RHB Andrew Clarke
|
0-0: Ball 1-0: Called Strike 1-1: Ball 2-1: Foul Ball, location: 2F 2-2: Strikes out looking
|
| Top of the 3rd over - 0 runs, 0 hits, 0 errors, 1 left on base; Frisco 1 - Bowie 0 |
| BOTTOM OF THE 3RD |
|
Bowie Baysox batting - Pitching for Frisco RoughRiders : RHP Tim Martin
|
|
Batting: LHB Jose Fierro
|
0-0: Ball 1-0: Called Strike 1-1: Swinging Strike 1-2: Ground out 3-1 (Groundball, 34, EV 88.1 MPH)
|
|
Batting: RHB Ronnie Cummings
|
0-0: SINGLE (Groundball, 4MD, EV 98.1 MPH)
|
|
Batting: RHB Andrew Korman
|
0-0: Called Strike 0-1: SINGLE (Groundball, 34, EV 92.5 MPH) (infield hit) Ronnie Cummings to second
|
|
Batting: RHB Ryan Taylor
|
0-0: Ball 1-0: Called Strike 1-1: Swinging Strike 1-2: Foul Ball, location: 2F 1-2: Ball 2-2: Ball 3-2: Foul Ball, location: 2F 3-2: Foul Ball, location: 2F 3-2: SINGLE (Groundball, 6D, EV 96.2 MPH) Ronnie Cummings to third Andrew Korman to second Runner from 3rd tries for Home, SAFE, throw by LF to home
|
|
Batting: LHB Pat Shaddock
|
0-0: Called Strike 0-1: Foul Ball, location: 2F 0-2: Ball 1-2: Ball 2-2: Ball 3-2: Fly out, F8 (Line Drive, 8RD, EV 90.6 MPH)
|
|
Batting: RHB Andy Chess
|
0-0: Ball 1-0: Ball 2-0: Ball 3-0: Called Strike 3-1: Ground out 5-3 (Groundball, 5S, EV 86.2 MPH)
|
| Bottom of the 3rd over - 1 run, 3 hits, 0 errors, 2 left on base; Frisco 1 - Bowie 1 |
| TOP OF THE 4TH |
|
Frisco RoughRiders batting - Pitching for Bowie Baysox : LHP Silas Chinn
|
|
Batting: RHB Kurt Wagner
|
0-0: Ground out 6-3 (Groundball, 6D, EV 105.0 MPH)
|
|
Batting: SHB Isaiah Cherry
|
0-0: SINGLE (Groundball, 34D, EV 101.9 MPH)
|
|
Batting: RHB Adryão Anto
|
0-0: Fielders Choice at 2nd, 5-4 (Groundball, 56, EV 78.1 MPH)
|
|
Batting: RHB Aaron Graham
|
0-0: Ball 1-0: Swinging Strike 1-1: Foul Ball, location: 2F 1-2: Fielders Choice at 2nd, 6-4 (Groundball, 6, EV 88.8 MPH)
|
| Top of the 4th over - 0 runs, 1 hit, 0 errors, 1 left on base; Frisco 1 - Bowie 1 |
| BOTTOM OF THE 4TH |
|
Bowie Baysox batting - Pitching for Frisco RoughRiders : RHP Tim Martin
|
|
Batting: LHB Matt Patnaude
|
0-0: Ball 1-0: Foul Ball, location: 2F 1-1: Called Strike 1-2: Foul Ball, location: 2F 1-2: Foul Ball, location: 2F 1-2: Ball 2-2: Ball 3-2: Foul Ball, location: 2F 3-2: SINGLE (Groundball, 6MS, EV 69.4 MPH) (infield hit)
|
|
Batting: RHB Willie Manrique
|
0-0: Called Strike 0-1: Foul Ball, location: 2F 0-2: Ball 1-2: Foul Ball, location: 2F 1-2: Strikes out looking
|
|
Batting: RHB Angel Lescano
|
0-0: Called Strike 0-1: Foul Ball, location: 2F 0-2: Strikes out swinging
|
|
Batting: LHB Jose Fierro
|
0-0: Ball 1-0: Called Strike 1-1: Called Strike 1-2: DOUBLE (Line Drive, 78M, EV 108.1 MPH) Matt Patnaude to third Runner from 3rd tries for Home, throw by CF and OUT! 8-6-2
|
| Bottom of the 4th over - 0 runs, 2 hits, 0 errors, 1 left on base; Frisco 1 - Bowie 1 |
| TOP OF THE 5TH |
|
Frisco RoughRiders batting - Pitching for Bowie Baysox : LHP Silas Chinn
|
|
Batting: RHB Rick Concha
|
0-0: Ball 1-0: Called Strike 1-1: Ball 2-1: Swinging Strike 2-2: Strikes out swinging
|
|
Batting: RHB Gavin Fimple
|
0-0: Foul Ball, location: 2F 0-1: Ball 1-1: Ball 2-1: Called Strike 2-2: Foul Ball, location: 2F 2-2: Foul Ball, location: 2F 2-2: Ball 3-2: Ground out 6-3 (Groundball, 6M, EV 103.1 MPH)
|
|
Batting: RHB Chris Torlak
|
0-0: Foul Ball, location: 2F 0-1: Fly out, F5 (Line Drive, 5L, EV 73.8 MPH)
|
| Top of the 5th over - 0 runs, 0 hits, 0 errors, 0 left on base; Frisco 1 - Bowie 1 |
| BOTTOM OF THE 5TH |
|
Bowie Baysox batting - Pitching for Frisco RoughRiders : RHP Tim Martin
|
|
Batting: RHB Ronnie Cummings
|
0-0: Ball 1-0: Ball 2-0: Ground out 4-3 (Groundball, 4, EV 82.5 MPH)
|
|
Batting: RHB Andrew Korman
|
0-0: Called Strike 0-1: SINGLE (Groundball, 4MD, EV 105.6 MPH)
|
|
Batting: RHB Ryan Taylor
|
0-0: Called Strike 0-1: Ball 1-1: Foul Ball, location: 2F 1-2: Strikes out swinging
|
|
Batting: LHB Pat Shaddock
|
0-0: Foul Ball, location: 2F 0-1: Ball 1-1: Ground out 4-3 (Groundball, 4S, EV 77.5 MPH)
|
| Bottom of the 5th over - 0 runs, 1 hit, 0 errors, 1 left on base; Frisco 1 - Bowie 1 |
| TOP OF THE 6TH |
|
Frisco RoughRiders batting - Pitching for Bowie Baysox : LHP Silas Chinn
|
|
Batting: RHB Brandon Davis
|
0-0: Ground out U3 (Groundball, 13, EV 86.2 MPH)
|
|
Batting: RHB Andrew Clarke
|
0-0: Ball 1-0: Ball 2-0: Called Strike 2-1: Ball 3-1: Base on Balls
|
|
Batting: RHB Kurt Wagner
|
0-0: Ball 1-0: SINGLE (Line Drive, 6MD, EV 96.2 MPH) Andrew Clarke to second
|
|
Batting: SHB Isaiah Cherry
|
0-0: Ball 1-0: Ball 2-0: Called Strike 2-1: Foul Ball, location: 2F 2-2: Strikes out swinging
|
|
Batting: RHB Adryão Anto
|
0-0: Ball 1-0: Called Strike 1-1: Swinging Strike 1-2: Ball 2-2: Ground out 1-3 (Groundball, P, EV 70.0 MPH)
|
| Top of the 6th over - 0 runs, 1 hit, 0 errors, 2 left on base; Frisco 1 - Bowie 1 |
| BOTTOM OF THE 6TH |
|
Bowie Baysox batting - Pitching for Frisco RoughRiders : RHP Tim Martin
|
|
Batting: RHB Andy Chess
|
0-0: Called Strike 0-1: Called Strike 0-2: Ball 1-2: Ground out 3-1 (Groundball, 34, EV 87.5 MPH)
|
|
Batting: LHB Matt Patnaude
|
0-0: Ball 1-0: Ball 2-0: Ball 3-0: Base on Balls
|
|
Batting: RHB Willie Manrique
|
0-0: Called Strike 0-1: Ball 1-1: Ball 2-1: Fly out, F9 (Flyball, 9, EV 90.0 MPH)
|
|
Batting: RHB Angel Lescano
|
0-0: Ball 1-0: Called Strike 1-1: Foul Ball, location: 2F 1-2: Foul Ball, location: 2F 1-2: Ball 2-2: Ball 3-2: Base on Balls Matt Patnaude to second
|
|
Pitching: RHP Marc Duncan
|
|
|
Batting: LHB Jose Fierro
|
0-0: Ball 1-0: Called Strike 1-1: Swinging Strike 1-2: Strikes out swinging
|
| Bottom of the 6th over - 0 runs, 0 hits, 0 errors, 2 left on base; Frisco 1 - Bowie 1 |
| TOP OF THE 7TH |
|
Frisco RoughRiders batting - Pitching for Bowie Baysox : LHP Silas Chinn
|
|
Batting: RHB Aaron Graham
|
0-0: Ball 1-0: Foul Ball, location: 2F 1-1: Foul Ball, location: 2F 1-2: Foul Ball, location: 2F 1-2: Foul Ball, location: 2F 1-2: Strikes out swinging
|
|
Batting: RHB Rick Concha
|
0-0: Ball 1-0: Foul Ball, location: 2F 1-1: Called Strike 1-2: Ball 2-2: DOUBLE (Line Drive, 9LS, EV 105.0 MPH)
|
|
Pitching: RHP Mike Brubaker
|
|
|
Batting: RHB Gavin Fimple
|
0-0: Called Strike 0-1: Ball 1-1: Foul Ball, location: 2F 1-2: SINGLE (Groundball, 6MD, EV 98.1 MPH) Rick Concha to third Runner from 3rd tries for Home, SAFE, throw by CF to home
|
|
Batting: RHB Chris Torlak
|
0-0: Swinging Strike 0-1: Called Strike 0-2: Foul Ball, location: 2F 0-2: Foul Ball, location: 2F 0-2: Ball 1-2: Ball 2-2: Ball Gavin Fimple is caught stealing 2nd base 2-4 3-2: Strikes out looking
|
| Top of the 7th over - 1 run, 2 hits, 0 errors, 0 left on base; Frisco 2 - Bowie 1 |
| BOTTOM OF THE 7TH |
|
Bowie Baysox batting - Pitching for Frisco RoughRiders : RHP Marc Duncan
|
|
Batting: RHB Ronnie Cummings
|
0-0: Ball 1-0: Ball 2-0: Called Strike 2-1: Ground out U3 (Groundball, 3S, EV 90.6 MPH)
|
|
Batting: RHB Andrew Korman
|
0-0: Ball 1-0: Called Strike 1-1: Ball 2-1: Ball 3-1: Foul Ball, location: 2F 3-2: SINGLE (Line Drive, 8LS, EV 93.8 MPH)
|
|
Batting: RHB Ryan Taylor
|
0-0: Foul Ball, location: 2F 0-1: Grounds into double play, 6-4-3 (Groundball, 6S, EV 87.5 MPH)
|
| Bottom of the 7th over - 0 runs, 1 hit, 0 errors, 0 left on base; Frisco 2 - Bowie 1 |
| TOP OF THE 8TH |
|
Frisco RoughRiders batting - Pitching for Bowie Baysox : RHP Mike Brubaker
|
|
Batting: RHB Brandon Davis
|
0-0: Ball 1-0: Called Strike 1-1: Foul Ball, location: 2F 1-2: Ball 2-2: Strikes out looking
|
|
Batting: RHB Andrew Clarke
|
0-0: Ball 1-0: Swinging Strike 1-1: Called Strike 1-2: Ball 2-2: Fly out, F9 (Flyball, 9S, EV 90.0 MPH)
|
|
Batting: RHB Kurt Wagner
|
0-0: Called Strike 0-1: Ball 1-1: Foul Ball, location: 2F 1-2: Ball 2-2: Foul Ball, location: 2F 2-2: Foul Ball, location: 2F 2-2: Foul Ball, location: 2F 2-2: Ball 3-2: SINGLE (Groundball, 56D, EV 103.8 MPH)
|
|
Batting: SHB Isaiah Cherry
|
0-0: Called Strike 0-1: SINGLE (Groundball, 34D, EV 93.8 MPH) Kurt Wagner to second Runner from 2nd tries for 3rd, SAFE, throw by RF made to third Isaiah Cherry to second
|
|
Batting: RHB Adryão Anto
|
0-0: Ball 1-0: SINGLE (Flyball, 34D, EV 91.9 MPH) - OUT at second base trying to stretch hit. Kurt Wagner scores Isaiah Cherry scores
|
| Top of the 8th over - 2 runs, 3 hits, 0 errors, 0 left on base; Frisco 4 - Bowie 1 |
| BOTTOM OF THE 8TH |
|
Bowie Baysox batting - Pitching for Frisco RoughRiders : RHP Marc Duncan
|
|
Now in LF: Brandon Davis
|
|
|
Now in RF: Salvador Caldera
|
|
|
Batting: LHB Pat Shaddock
|
0-0: Foul Ball, location: 2F 0-1: Swinging Strike 0-2: Foul Ball, location: 2F 0-2: Ball 1-2: Fly out, F4 (Flyball, 34D, EV 93.8 MPH)
|
|
Batting: RHB Andy Chess
|
0-0: Ball 1-0: Ball 2-0: Called Strike 2-1: Ground out 5-3 (Groundball, 56, EV 96.9 MPH)
|
|
Batting: LHB Matt Patnaude
|
0-0: Called Strike 0-1: Ball 1-1: Called Strike 1-2: Foul Ball, location: 2F 1-2: Ball 2-2: Foul Ball, location: 2F 2-2: Ball 3-2: Ground out 4-3 (Groundball, 34D, EV 103.8 MPH)
|
| Bottom of the 8th over - 0 runs, 0 hits, 0 errors, 0 left on base; Frisco 4 - Bowie 1 |
| TOP OF THE 9TH |
|
Frisco RoughRiders batting - Pitching for Bowie Baysox : RHP Mike Brubaker
|
|
Batting: RHB Aaron Graham
|
0-0: Foul Ball, location: 2F 0-1: Ball 1-1: Swinging Strike 1-2: SINGLE (Groundball, 6M, EV 84.4 MPH) (infield hit)
|
|
Pinch Runner at 1st Johnny Stables:
|
|
|
Batting: RHB Rick Concha
|
0-0: Bunt - Flyout to 5S! F5
|
|
Batting: RHB Gavin Fimple
|
0-0: Called Strike 0-1: Ball 1-1: Ball 2-1: Fly out, F8 (Flyball, 8RD, EV 100.6 MPH)
|
|
Batting: RHB Chris Torlak
|
0-0: Foul Ball, location: 2F 0-1: Ball Johnny Stables steals 2nd, throwing error, E2 Johnny Stables to third 1-1: Foul Ball, location: 2F 1-2: Ground out 3-1 (Groundball, 3L, EV 106.9 MPH)
|
| Top of the 9th over - 0 runs, 1 hit, 1 error, 1 left on base; Frisco 4 - Bowie 1 |
| BOTTOM OF THE 9TH |
|
Bowie Baysox batting - Pitching for Frisco RoughRiders : RHP Marc Duncan
|
|
Pitching: LHP Josh Black
|
|
|
Now at 1B: Jason Swisher
|
|
|
Batting: RHB Willie Manrique
|
0-0: Ball 1-0: Foul Ball, location: 2F 1-1: SINGLE (Groundball, 6MD, EV 94.4 MPH)
|
|
Batting: RHB Angel Lescano
|
0-0: Foul Ball, location: 2F 0-1: Ball 1-1: Ball 2-1: Grounds into double play, 1-4-3 (Groundball, P, EV 70.0 MPH)
|
|
Pinch Hitting: RHB Tony Logan
|
0-0: Ball 1-0: Foul Ball, location: 2F 1-1: Ball 2-1: Ball 3-1: Called Strike 3-2: Ground out 6-3 (Groundball, 6D, EV 99.4 MPH)
|
| Bottom of the 9th over - 0 runs, 1 hit, 0 errors, 0 left on base; Frisco 4 - Bowie 1 |
|